 Dungeon Crawl Stone Soup version 0.18.1-50-g88ac8fd (webtiles) character file.

387872 spiff the Warrior (level 22, 0/205 HPs)
             Began as a Demonspawn Chaos Knight on Sept 18, 2016.
             Slain by a fire giant
             ... wielding a +1 great sword of flaming
              (19 damage)
             ... while paralysed by a great orb of eyes
             ... on level 1 of the Depths on Sept 19, 2016.
             The game lasted 05:25:25 (59390 turns).

spiff the Warrior (Demonspawn Chaos Knight)        Turns: 59390, Time: 05:25:26

Health: 0/205      AC:  2    Str: 16    XL:     22   Next: 3%
Magic:  25/30      EV:  5    Int: 13    God:    Xom [..*...]
Gold:   2919       SH:  0    Dex: 29    Spells: 4 memorised, 23 levels left

rFire  . . .     SeeInvis .     (weapon currently unavailable)
rCold  + . .     Gourm    .     (armour currently unavailable)
rNeg   + . .     Faith    .     (shield currently unavailable)
rPois  x         Spirit   .     (helmet currently unavailable)
rElec  +         Dismiss  .     (cloak currently unavailable)
rCorr  .         Reflect  +     (gloves currently unavailable)
SustAt .         Harm     .     (boots unavailable)
MR     +....     Clarity  +     W - +3 amulet of reflection
Stlth  ++........               L - ring of Ephemeral Luck {Wiz rElec rN+}
                                D - ring "Hemem" {rC+ Dex+6}

@: paralysed, spider-form (expiring), repel missiles, somewhat resistant to
hostile enchantments, unstealthy
A: (beak), (horns 0), (talons 0), (icy blue scales 0), clarity, dopey 1, (fire
resistance 0), (poison resistance), powered by death 3, robust 1, (spiny 0),
wild magic 1, evolution 1
a: Renounce Religion
}: 2/15 runes: decaying, serpentine


You were on level 1 of the Depths.
You worshipped Xom.
You were a toy of Xom.
You were hungry.
You were a venomous arachnid creature.
You visited 8 branches of the dungeon, and saw 42 of its levels.
You also visited: Volcano.

You collected 5043 gold pieces.
You spent 2124 gold pieces at shops.

Inventory:

Hand Weapons
 m - the +11 morningstar "Eos" (melded) {elec, -Tele rElec SInv}
   (You took it off a deep elf high priest on level 3 of the Elven Halls)

   Occasionally, upon striking a foe, it will discharge some electrical energy
   and cause terrible harm.
   It insulates you from electricity.
   It lets you see invisible.
   It prevents most forms of teleportation.
 r - a +2 eveningstar
 N - a +4 eveningstar of venom
Missiles
 a - 7 steel javelins (quivered)
 j - a throwing net
 n - 24 tomahawks
 x - 4 javelins of penetration
Armour
 v - a +2 cloak (melded)
 w - a +2 large shield
 B - a +2 pair of gloves (melded)
 C - the +6 chain mail of Elyvilon's Esteem (melded) {rCorr Int+2 Dex+5}
   (You found it on level 2 of the Vaults)

   It affects your intelligence (+2).
   It affects your dexterity (+5).
   It protects you from acid and corrosion.
 E - the +4 leather armour "Huostaa" {rElec rC+ Str+4}
   (You bought it in a shop on level 4 of the Snake Pit)

   It affects your strength (+4).
   It protects you from cold.
   It insulates you from electricity.
 J - a +2 buckler of poison resistance (melded)
 P - a +1 hat (melded)
Jewellery
 d - a +1 ring of protection
 e - the ring of Moskyr {Ice MR++ Str-2 Dex+5}
   (You found it on level 2 of the Swamp)

   [ring of ice]

   It enhances your ice magic, and weakens your fire magic.
   It affects your strength (-2).
   It affects your dexterity (+5).
   It makes you vulnerable to fire.
   It protects you from cold.
   It affects your resistance to hostile enchantments.
 D - the ring "Hemem" (left front leg) {rC+ Dex+6}
   (You found it on level 8 of the Lair of Beasts)

   [ring of protection from cold]

   It affects your dexterity (+6).
   It protects you from cold.
 L - the ring of Ephemeral Luck (right front leg) {Wiz rElec rN+}
   (You bought it in a shop on level 2 of the Snake Pit)

   [ring of wizardry]

   It improves your spell success rate.
   It insulates you from electricity.
   It protects you from negative energy.
 W - a +3 amulet of reflection (around neck)
Wands
 b - a wand of digging (4/24)
 y - a wand of lightning (8/15)
 F - a wand of iceblast (9/15)
 H - a wand of teleportation (6/9)
 M - a wand of iceblast (3/15)
 V - a wand of teleportation (4/9)
 X - a wand of polymorph (9/24)
 Y - a wand of flame (3/48)
Scrolls
 k - 12 scrolls of teleportation
 o - a scroll of amnesia
 t - 6 scrolls of remove curse
 z - 7 scrolls of fog
 G - 3 scrolls of magic mapping
 O - 15 scrolls of identify
 R - a scroll of silence
 T - a scroll of blinking
 Z - 2 scrolls of fear
Potions
 f - a potion of flight
 h - 5 potions of invisibility
 i - 2 potions of agility
 l - 3 potions of resistance
 s - 3 potions of cancellation
 u - 2 potions of berserk rage
 A - 4 potions of haste
 I - 14 potions of curing
 K - a potion of brilliance
 U - 2 potions of heal wounds
Books
 p - a book of the Sky

   Spells                             Type                      Level
   a - Summon Lightning Spire         Summoning/Air                4
   b - Airstrike                      Air                          4
   c - Silence                        Hexes/Air                    5
   d - Deflect Missiles               Charms/Air                   6
   e - Conjure Ball Lightning         Conjuration/Air              6
   f - Tornado                        Air                          9
 Q - a book of Necromancy

   Spells                             Type                      Level
   a - Pain                           Necromancy                   1
   b - Animate Skeleton               Necromancy                   1
   c - Vampiric Draining              Necromancy                   3
   d - Regeneration                   Charms/Necromancy            3
   e - Animate Dead                   Necromancy                   4
   f - Control Undead                 Necromancy                   4
Miscellaneous
 q - a lamp of fire
Comestibles
 c - 24 bread rations
 g - 11 meat rations


   Skills:
 - Level 19.0 Fighting
   Level 6.1 Short Blades
 - Level 17.6 Maces & Flails
 - Level 6.1 Throwing
 - Level 17.1 Armour
 - Level 16.0 Dodging
 - Level 4.1 Shields
 + Level 5.6 Spellcasting
 - Level 5.3 Charms
 + Level 5.7 Necromancy
 - Level 5.2 Air Magic


You had 23 spell levels left.
You knew the following spells:

 Your Spells              Type           Power        Failure   Level  Hunger
a - Repel Missiles        Chrm/Air       ###...       7%          2    ##.....
b - Blink                 Tloc           N/A          30%         2    ##.....
q - Swiftness             Chrm/Air       ###.....     7%          2    ##.....
r - Regeneration          Chrm/Necr      ###.......   12%         3    ###....


Dungeon Overview and Level Annotations

Branches:
Dungeon (15/15)            Temple (0/1) D:7            Lair (8/8) D:9
  Swamp (4/4) Lair:4        Snake (4/4) Lair:5        Slime (0/6) Lair:8
    Orc (2/2) D:12            Elf (3/3) Orc:2        Vaults (4/5) D:14
  Crypt (0/3) Vaults:2     Depths (2/5) D:15

Altars:
Ashenzari
Dithmenos
Fedhas
Kikubaaqudgha
Pakellas
Ru
Trog
Xom
The Shining One
Beogh
Lugonu

Shops:
D:2 }   D:6 ??   D:15 ::}!   Orc:2 ([}:   Snake:2 =?   Snake:4 [   Vaults:1 ?
Depths:1 :

Portals:
Hell: Depths:1
Abyss: Depths:1

Annotations:
Lair:8 exclusion: 5 oklob plants
Orc:2 HolyRage's ghost, journeyman TrMo
Elf:2 2 runed doors
Vaults:5 vault 5 !


Innate Abilities, Weirdness & Mutations

((You have claws for feet.))
((You are completely covered in icy blue scales (AC +4, EV -1, rC+).))
((Your flesh is heat resistant.))
You regenerate a lot of health from kills.
((You are mostly covered in sharp spines.))
((You have a beak for a mouth.))
((You have a pair of small horns on your head.))
You possess an exceptional clarity of mind.
You are dopey. (Int -2)
((Your system is resistant to poisons.))
You are robust (+10% HP).
Your spells are a little harder to cast, but a little more powerful.
You evolve.


Message History

The deep troll shaman claws you! x2
The great orb of eyes bites you. The great orb of eyes bites you!
The deep troll shaman bites you but does no damage.
The deep troll shaman claws you. The deep troll shaman claws you!!
Xom is interested.
The fire giant barely misses you. The great orb of eyes bites you!!
* * * LOW HITPOINT WARNING * * *
The great orb of eyes bites you!
* * * LOW HITPOINT WARNING * * *
The deep troll shaman bites you but does no damage.
The deep troll shaman claws you!
* * * LOW HITPOINT WARNING * * *
The deep troll shaman claws you but does no damage.
The great orb of eyes bites you!
* * * LOW HITPOINT WARNING * * *
Xom is amused.
The fire giant hits you with a great sword of flaming!!
You die...
Xom is highly amused!

#####################
######### ###
#####.......#####§##
......#####....#∩_.#
......#...#....##§.#
..[...#.#.#....G##.#
......#.#.#....GsC.#
......#.#.#......T##
......#.#.#.......#
........#.........#
..................#
..................#
.#######.###≈###.###
.# #...#.#≈#.#...#
.#####.###.#≈#.###.#


You could see a fire giant, 2 great orbs of eyes and a deep troll shaman.

Vanquished Creatures
  Frederick (Vaults:2)
  Vashnia (Snake:3)
  Margery (Vaults:4)
  A caustic shrike (Depths:1)
  Jorgrun (Elf:3)
  A deep elf blademaster (Elf:3)
  A deep elf master archer (Elf:3)
  Frances (D:15)
  Gastronok (Lair:3)
  4 thorn hunters
  A tengu reaver (Vaults:4)
  7 greater nagas
  2 fire giants
  Maud (Lair:5)
  A daeva (Depths:1)
  4 deep elf sorcerers
  Donald (Elf:2)
  The ghost of nikopol the Severer, a journeyman HOFi of Okawaru (Lair:5)
  Louise (Swamp:1)
  12 vault wardens
  10 ironheart preservers
  6 deep elf elementalists
  A ghoul (Vaults:3)
  5 very ugly things
  A war gargoyle (Vaults:1)
  5 stone giants
  9 deep elf demonologists
  9 deep elf annihilators
  A salamander stormcaller (Vaults:4)
  6 vault guards
  7 deep elf death magi
  A fire dragon (shapeshifter) (Vaults:1)
  2 ettins
  3 fire dragons
  Josephine (D:13)
  4 deep elf high priests
  6 yaktaur captains
  3 great orbs of eyes
  5 rakshasas
  17 naga warriors
  2 entropy weavers
  2 ice dragons
  An anaconda (shapeshifter) (Swamp:2)
  2 ghost crabs (Swamp:3)
  21 hydras
  A catoblepas (Lair:8)
  A hydra (shapeshifter) (Snake:4)
  A death knight (Vaults:3)
  9 centaur warriors
  12 ogre magi
  A satyr (shapeshifter) (Swamp:2)
  29 dancing weapons
  8 alligators
  A vampire mage (D:15)
  15 anacondas
  2 deep troll earth magi
  2 deep troll shamans
  2 tengu warriors
  5 death yaks
  An iron giant zombie (D:15)
  11 shock serpents
  11 naga sharpshooters
  A spriggan berserker (Swamp:4)
  An iron troll (Depths:1)
  3 fire crabs
  A skeletal warrior (D:15)
  16 deep elf knights
  2 hell knights (Vaults:4)
  2 wizards
  A sea snake (Snake:3)
  7 unseen horrors
  4 salamander mystics
  A giant orange brain (shapeshifter) (Elf:2)
  A phantasmal warrior (Vaults:4)
  2 shambling mangroves
  A spriggan druid (Swamp:2)
  14 deep trolls
  A hill giant (shapeshifter) (D:15)
  10 deep elf archers
  9 naga ritualists
  9 swamp dragons
  A deep troll (shapeshifter) (Vaults:1)
  2 hill giants (D:14)
  8 orc knights
  10 ironbrand convokers
  11 mana vipers
  4 harpies
  3 necromancers
  79 deep elf magi
  2 hornets
  A shadow dragon skeleton (D:15)
  7 cyclopes
  5 wolf spiders
  2 hornets (shapeshifter)
  26 ugly things
  2 orc sorcerers (Orc:1)
  A moth of wrath (shapeshifter) (Vaults:3)
  3 manticores
  6 griffons
  13 salamanders
  18 elephants
  12 vault sentinels
  Maurice (D:13)
  A black mamba (shapeshifter) (Vaults:3)
  4 guardian serpents
  41 black mambas
  A centaur zombie (D:13)
  A spiny frog (shapeshifter) (Vaults:3)
  28 naga magi
  2 eyes of devastation (shapeshifter)
  15 spiny frogs
  2 molten gargoyles (Volcano)
  2 gargoyles
  2 torpor snails
  6 rime drakes
  2 centaur skeletons
  4 kobold demonologists
  29 yaktaurs
  6 komodo dragons
  A merfolk (shapeshifter) (Vaults:1)
  A harpy zombie (D:15)
  A jumping spider (Snake:4)
  10 trolls
  2 tengu conjurers (D:14)
  2 freezing wraiths (Vaults:3)
  7 giant leeches
  Grinder (D:5)
  A queen bee (D:13)
  20 two-headed ogres
  A polar bear (Lair:8)
  A two-headed ogre (shapeshifter) (Snake:4)
  18 bog bodies
  26 slime creatures
  A boulder beetle (shapeshifter) (Vaults:3)
  16 blink frogs
  3 boulder beetles
  2 shadows
  Sigmund (D:2)
  2 air elementals
  6 redbacks
  A vampire (D:12)
  5 spriggans
  11 wyverns
  Eustachio (D:4)
  7 fire elementals
  5 wraiths
  A human (shapeshifter) (Depths:1)
  A steam dragon (D:15)
  3 water elementals
  7 basilisks
  11 yaks
  A human (Orc:2)
  A hungry ghost (D:12)
  A golden eye (shapeshifter) (Snake:3)
  19 hippogriffs
  4 mottled dragons
  29 vampire mosquitoes
  A redback simulacrum (D:15)
  Menkaure (D:5)
  A soldier ant (shapeshifter) (Elf:3)
  5 insubstantial wisps (Swamp:1)
  7 wargs
  48 nagas
  18 swamp worms
  A spatial vortex (Vaults:4)
  2 hell hounds (D:14)
  12 water moccasins
  8 swamp drakes
  10 porcupines
  20 orc warriors
  14 wasps
  8 sky beasts
  4 phantoms
  12 ice beasts
  2 black bears
  An eye of draining (Lair:2)
  38 ogres
  4 boggarts (Vaults:3)
  12 wolves
  21 centaurs
  16 crocodiles
  Blork the orc (D:5)
  3 big kobolds
  5 earth elementals
  17 giant frogs
  A wyvern zombie (D:11)
  8 scorpions
  A wyvern skeleton (D:15)
  A scorpion (shapeshifter) (D:12)
  A human simulacrum (Vaults:1)
  33 killer bees
  3 electric eels
  8 wights
  5 howler monkeys
  6 crimson imps
  2 lava snakes (Volcano)
  3 giant frog zombies
  3 jellies
  2 quasits
  9 hounds
  2 wasp zombies
  23 orc priests
  18 orc wizards
  Crazy Yiuf (D:3)
  4 giant frog skeletons
  10 iguanas
  9 worker ants
  2 polar bear simulacra (Lair:4)
  3 wolf simulacra (Lair:4)
  A yak simulacrum (Lair:4)
  19 sheep
  2 hound skeletons
  A howler monkey zombie (D:6)
  19 gnolls
  A worker ant zombie (D:11)
  9 adders
  A howler monkey skeleton (D:8)
  42 river rats
  5 shadow imps
  An ooze (D:1)
  An adder skeleton (D:6)
  2 worms
  5 dart slugs
  6 giant geckos
  81 orcs
  6 ball pythons
  16 bats
  2 giant cockroaches
  14 goblins
  8 hobgoblins
  12 jackals
  19 kobolds
  3 quokkas
  A giant gecko zombie (D:5)
  A giant newt (D:3)
  A jackal skeleton (D:7)
  A quokka zombie (D:8)
  8 rats
  A briar patch (Swamp:4)
  A fire vortex (Vaults:1)
  3 fungi
1709 creatures vanquished.

Vanquished Creatures (collateral kills)
  A thorn hunter (Swamp:2)
  A greater naga (Snake:4)
  A caustic shrike skeleton (D:15)
  A deep elf elementalist (Elf:3)
  A deep elf annihilator (Elf:3)
  A vault guard (D:14)
  An ogre mage (Orc:2)
  A yaktaur captain (Vaults:3)
  A naga warrior (Snake:1)
  3 death yaks
  A skeletal warrior (D:15)
  2 necromancers (Vaults:4)
  2 orc knights (D:14)
  4 deep elf magi (Elf:1)
  A salamander (Snake:4)
  5 elephants
  A spiny frog (Lair:7)
  A yaktaur (Vaults:3)
  2 blink frogs (Lair:8)
  4 two-headed ogres (Orc:2)
  An ice dragon zombie (D:15)
  A slime creature (Swamp:3)
  A spriggan (Swamp:2)
  2 fire elementals (Elf:1)
  A naga (Snake:4)
  2 swamp worms (Swamp:2)
  An orc warrior (Orc:2)
  A porcupine (Lair:7)
  A wasp (Swamp:2)
  8 ogres (Orc:2)
  4 killer bees (D:13)
  3 wolf simulacra (Lair:4)
  A yak simulacrum (Lair:4)
  A river rat simulacrum (Lair:4)
  A fungus (Lair:7)
64 creatures vanquished.

Vanquished Creatures (others)
  A deep elf master archer (Elf:3)
  2 vault guards (Vaults:3)
  A hydra (Swamp:4)
  4 dancing weapons
  2 deep elf knights
  3 deep elf archers
  A wizard (Vaults:2)
  A deep elf mage (Elf:1)
  A cyclops (Vaults:2)
  2 black mambas (Snake:4)
  2 vault sentinels
  3 yaktaurs
  2 two-headed ogres (Orc:2)
  A boulder beetle (Vaults:1)
  A sky beast (Swamp:4)
  3 ogres (Orc:2)
  A centaur (D:14)
  A killer bee (D:13)
  An orc wizard (Vaults:4)
  4 orcs
  2 briar patches (Swamp:3)
  14 bushes
  2 fire vortices (Lair:6)
  18 fungi
  19 plants
92 creatures vanquished.

Grand Total: 1865 creatures vanquished

Notes
Turn   | Place    | Note
--------------------------------------------------------------
     0 | D:1      | spiff the Demonspawn Chaos Knight began the quest for the Orb.
     0 | D:1      | Reached XP level 1. HP: 18/18 MP: 1/1
    35 | D:1      | XOM: butterfly on damage
    38 | D:1      | XOM: silly message
    93 | D:1      | Gained mutation: You have sharp toenails. [demonic ancestry]
    93 | D:1      | Reached XP level 2. HP: 18/24 MP: 2/2
   110 | D:1      | XOM: divination: detect items
   113 | D:1      | XOM: cast spell 'Confusing Touch'
   140 | D:1      | XOM: silly message
   259 | D:1      | XOM: mild Conj miscast
   396 | D:1      | XOM: cast spell 'Summon Butterflies'
   400 | D:1      | XOM: harmless Chrm miscast
   741 | D:1      | Reached XP level 3. HP: 29/29 MP: 3/3
   782 | D:1      | XOM: harmless Ice miscast
   845 | D:1      | XOM: give mutation
   845 | D:1      | Gained mutation: You have supernaturally acute eyesight. [Xom's grace]
   961 | D:1      | XOM: vitrification
   963 | D:2      | XOM: noise
  1043 | D:1      | XOM: cast spell 'Hydra Form'
  1114 | D:2      | Reached skill level 4 in Fighting
  1286 | D:2      | XOM: divination: detect creatures
  1446 | D:2      | Noticed Sigmund
  1492 | D:2      | XOM: enchant monster (bad)
  1494 | D:2      | XOM: summons friendly crimson imp
  1496 | D:2      | XOM: confuse monster(s)
  1501 | D:2      | Killed Sigmund
  1501 | D:2      | Reached skill level 6 in Fighting
  1501 | D:2      | Gained mutation: You regenerate a little health from kills. [demonic ancestry]
  1501 | D:2      | Reached XP level 4. HP: 16/40 MP: 4/4
  1501 | D:2      | Reached XP level 5. HP: 18/46 MP: 5/5
  1529 | D:2      | XOM: colour smoke trail
  1958 | D:2      | Found an oddly glowing altar of Pakellas.
  1958 | D:2      | Found Pakellas's Prime Provisions.
  1962 | D:2      | XOM: divination: detect creatures
  1978 | D:2      | Gained mutation: You are partially covered in sharp spines. [demonic ancestry]
  1978 | D:2      | Reached XP level 6. HP: 15/53 MP: 6/6
  2319 | D:2      | XOM: divination: detect creatures
  2393 | D:3      | Found a faded altar to an unknown god.
  2476 | D:3      | Found a blossoming altar of Fedhas.
  3059 | D:3      | Noticed Crazy Yiuf
  3107 | D:3      | Killed Crazy Yiuf
  3107 | D:3      | Reached skill level 7 in Fighting
  3146 | D:3      | XOM: harmless Tloc miscast
  3210 | D:4      | XOM: harmless Summ miscast
  3269 | D:4      | Reached skill level 8 in Fighting
  3269 | D:4      | Gained mutation: You regenerate health from kills. [demonic ancestry]
  3269 | D:4      | Reached XP level 7. HP: 50/62 MP: 7/7
  3276 | D:4      | XOM: scenery: 3 doors open
  3483 | D:4      | Noticed Eustachio
  3505 | D:4      | Killed Eustachio
  3505 | D:4      | Reached skill level 9 in Fighting
  3790 | D:4      | XOM is BORED!
  3790 | D:4      | XOM: harmless Ice miscast
  3798 | D:4      | Found a shattered altar of Ashenzari.
  3803 | D:4      | Found a bloodstained altar of Trog.
  3912 | D:5      | XOM: noise
  3912 | D:5      | Entered Level 5 of the Dungeon
  4039 | D:5      | Gained mutation: You are partially covered in icy blue scales (AC +1). [demonic ancestry]
  4039 | D:5      | Reached XP level 8. HP: 69/71 MP: 8/8
  4055 | D:5      | XOM: potion effect (might)
  4198 | D:4      | XOM: god gift: phial of floods
  4301 | D:5      | XOM: colour smoke trail
  4325 | D:5      | Noticed Blork the orc
  4403 | D:5      | Noticed Menkaure
  4404 | D:5      | Noticed Grinder
  4410 | D:5      | Killed Menkaure
  4504 | D:5      | XOM: divination: detect creatures
  4563 | D:5      | XOM: mild Air miscast
  4618 | D:5      | Reached skill level 5 in Maces & Flails
  4682 | D:5      | XOM: enchant monster (good)
  4769 | D:5      | XOM: colour smoke trail
  4913 | D:5      | XOM: god gift: chain mail {god gift}
  5063 | D:5      | XOM: mild Erth miscast
  5105 | D:5      | Killed Grinder
  5224 | D:5      | Killed Blork the orc
  5521 | D:6      | Found Puecen's Magic Scroll Shop.
  5526 | D:6      | Bought a scroll of identify for 20 gold pieces
  5526 | D:6      | Bought a scroll of magic mapping for 35 gold pieces
  5560 | D:6      | Found a sacrificial altar of Ru.
  5571 | D:6      | Gained mutation: You have razor-sharp toenails. [demonic ancestry]
  5571 | D:6      | Reached XP level 9. HP: 77/77 MP: 9/9
  5707 | D:6      | XOM: harmless Conj miscast
  5785 | D:6      | Found Vieprox's Magic Scroll Emporium.
  5906 | D:6      | XOM: give mutations
  5906 | D:6      | Gained mutation: You are resistant to hostile enchantments. [Xom's grace]
  5906 | D:6      | Gained mutation: You are highly resistant to hostile enchantments. [Xom's grace]
  5906 | D:6      | Gained mutation: You have a pair of small antennae on your head. [Xom's grace]
  5906 | D:6      | Gained mutation: Your natural rate of healing is unusually fast. [Xom's grace]
  6007 | D:6      | XOM: 1-stop teleportation journey
  6106 | D:6      | XOM: polymorph orc -> bat
  6358 | D:7      | XOM: scenery: create altars
  6373 | D:7      | Reached skill level 1 in Dodging
  6757 | D:7      | Reached skill level 5 in Dodging
  6926 | D:7      | XOM: scenery: 1 doors open
  6959 | D:7      | Found a staircase to the Ecumenical Temple.
  7125 | D:7      | XOM: vitrification
  7508 | D:7      | XOM: confuse monster(s)
  7632 | D:7      | XOM: harmless Summ miscast
  7715 | D:7      | Gained mutation: You regenerate a lot of health from kills. [demonic ancestry]
  7715 | D:7      | Reached XP level 10. HP: 83/83 MP: 10/10
  7767 | D:8      | XOM: god gift: emerald potion
  7782 | D:8      | XOM: summons 5 hostile shadow creatures
  8104 | D:8      | Identified a scroll of acquirement
  8105 | D:8      | Got a transparent quick blade
  8319 | D:9      | XOM: cast spell 'Death Channel'
  8456 | D:9      | XOM: god gift: 57 gold pieces
  8623 | D:9      | XOM: cast spell 'Confusing Touch'
  8742 | D:9      | Found a staircase to the Lair.
  8743 | D:9      | XOM: confusion
  8762 | D:9      | XOM: butterfly on damage
  8770 | D:9      | XOM: swap monsters
  8776 | D:9      | Reached skill level 10 in Fighting
  8881 | D:9      | XOM: summons 3 hostile shadow creatures
  8903 | D:9      | Identified the +6 quick blade of Okawaru's Castigation {vamp, -Tele rN+ Str+3 Dex+8} (You acquired it on level 8 of the Dungeon)
  8908 | D:9      | XOM: give mutations
  8908 | D:9      | Gained mutation: Your muscles are strong. (Str +2) [Xom's mischief]
  8908 | D:9      | Gained mutation: You are dopey. (Int -2) [Xom's mischief]
  9191 | Lair:1   | Entered Level 1 of the Lair of Beasts
  9198 | D:9      | XOM: noise
  9450 | Lair:1   | XOM: medium Divn miscast
  9457 | Lair:1   | XOM: give mutations
  9457 | Lair:1   | Lost mutation: You have a pair of small antennae on your head. [Xom's mischief]
  9457 | Lair:1   | Gained mutation: Your system is resistant to poisons. [Xom's mischief]
  9457 | Lair:1   | Lost mutation: You are dopey. (Int -2) [Xom's mischief]
  9505 | Lair:1   | Reached skill level 11 in Fighting
  9673 | Lair:1   | XOM: summons 5 hostile demons
  9687 | Lair:1   | XOM: colour smoke trail
  9728 | Lair:1   | XOM: give mutations
  9728 | Lair:1   | Gained mutation: You are dopey. (Int -2) [Xom's mischief]
  9728 | Lair:1   | Gained mutation: Your body sometimes deteriorates upon taking damage. [Xom's mischief]
 10080 | Lair:2   | Noticed a spiny frog
 10093 | Lair:2   | XOM: butterfly on damage
 10094 | Lair:2   | Killed a spiny frog
 10135 | Lair:2   | XOM: harmless Air miscast
 10208 | Lair:2   | Noticed a spiny frog
 10213 | Lair:2   | XOM: confusion
 10223 | Lair:2   | Killed a spiny frog
 10238 | Lair:2   | Noticed a spiny frog
 10239 | Lair:2   | XOM: confusion
 10244 | Lair:2   | XOM: summons 5 hostile demons
 10252 | Lair:2   | XOM: divination: magic mapping
 10256 | Lair:2   | XOM: harmless Tloc miscast
 10259 | Lair:2   | XOM: blink monster(s)
 10260 | Lair:2   | XOM: severe Conj miscast
 10268 | Lair:2   | Killed a spiny frog
 10268 | Lair:2   | Reached skill level 5 in Armour
 10275 | Lair:2   | XOM: silly message
 10278 | Lair:2   | XOM: summons 4 friendly demons
 10285 | Lair:2   | Reached XP level 11. HP: 58/93 MP: 11/11
 10376 | Lair:2   | XOM: scenery: create altars
 10481 | Lair:2   | XOM: harmless Chrm miscast
 10627 | Lair:2   | XOM: god gift: 7 steel javelins
 10633 | Lair:2   | XOM: polymorph spiny frog -> eye of draining
 10659 | Lair:2   | XOM: summons friendly ufetubus
 10955 | Lair:2   | XOM: medium Chrm miscast
 11188 | Lair:3   | XOM: enchant monster (bad)
 11276 | Lair:3   | Reached skill level 1 in Short Blades
 11355 | Lair:3   | XOM: give mutations
 11355 | Lair:3   | Gained mutation: You are very dopey. (Int -4) [Xom's mischief]
 11355 | Lair:3   | Lost mutation: You are highly resistant to hostile enchantments. [Xom's mischief]
 11355 | Lair:3   | Lost mutation: Your muscles are strong. (Str +2) [Xom's mischief]
 11355 | Lair:3   | Gained mutation: You are weak. (Str -2) [Xom's mischief]
 11422 | Lair:3   | Found an oddly glowing altar of Pakellas.
 11648 | Lair:3   | Noticed Gastronok
 11737 | Lair:3   | XOM: stat loss: -1 Str (13/14)
 11950 | Lair:3   | XOM: noise
 12007 | Lair:3   | XOM: scenery: create altars
 12011 | Lair:3   | XOM: destruction
 12024 | Lair:3   | XOM: enchant monster (bad)
 12032 | Lair:3   | XOM: summons 1 friendly demon
 12036 | Lair:3   | XOM: cast spell 'Summon Hydra'
 12039 | Lair:3   | Reached skill level 5 in Short Blades
 12166 | Lair:4   | XOM: swap monsters
 12170 | Lair:4   | XOM: confuse monster(s)
 12181 | Lair:4   | XOM: scenery: create altars
 12183 | Lair:4   | XOM: enchant monster (good)
 12201 | Lair:4   | XOM: summons 1 hostile demon
 12257 | Lair:4   | XOM: destruction
 12344 | Lair:4   | XOM: god gift: ring mail {god gift}
 12463 | Lair:4   | XOM: enchant monster (good)
 12534 | Lair:4   | XOM: summons 2 friendly demons
 12587 | Lair:4   | Found a staircase to the Swamp.
 12639 | Lair:4   | XOM: snakes to sticks
 12645 | Lair:4   | XOM: polymorph water moccasin -> sky beast
 12688 | Lair:4   | XOM: vitrification
 12714 | Lair:4   | XOM: potion effect (invisibility)
 12716 | Lair:4   | Reached XP level 12. HP: 100/100 MP: 12/12
 12838 | Lair:4   | XOM: give mutations
 12838 | Lair:4   | Gained mutation: You are frail (-10% HP). [Xom's mischief]
 12885 | Lair:4   | XOM: summons friendly ufetubus
 12921 | Lair:4   | XOM: noise
 12960 | Lair:4   | XOM is BORED!
 12960 | Lair:4   | XOM: mild Trmt miscast
 13191 | Lair:5   | XOM: medium Summ miscast
 13381 | Lair:5   | XOM is BORED!
 13381 | Lair:5   | XOM: draining
 13454 | Lair:5   | Noticed nikopol's ghost (journeyman HOFi)
 13544 | Lair:5   | XOM: potion effect (agility)
 13564 | Lair:5   | Found a runed door.
 13722 | Lair:5   | Found a staircase to the Snake Pit.
 13744 | Lair:5   | Noticed an eight-headed hydra
 13745 | Lair:5   | XOM: scenery: create altars
 13746 | Lair:5   | Noticed Maud
 13773 | Lair:6   | Noticed a five-headed hydra
 13773 | Lair:6   | XOM: swap monsters
 13804 | Lair:6   | XOM: chaos cloud
 13850 | Lair:6   | XOM: mild Fire miscast
 13862 | Lair:6   | Reached skill level 10 in Dodging
 13897 | Lair:6   | Noticed an emperor scorpion
 13897 | Lair:6   | a five-headed hydra changed into an emperor scorpion
 13897 | Lair:6   | XOM: polymorph five-headed hydra -> emperor scorpion
 13910 | Lair:6   | XOM: blink monster(s)
 13916 | Lair:6   | XOM: cast spell 'Call Canine Familiar'
 13917 | Lair:6   | XOM: fake destruction
 13919 | Lair:6   | XOM: noise
 13924 | Lair:6   | XOM: enchant monster (good)
 13987 | Lair:7   | XOM: summons 4 friendly demons
 14018 | Lair:6   | Found a dark tunnel.
 14023 | Volcano  | Entered a volcano
 14342 | Volcano  | Found a burning altar of Makhleb.
 14357 | Volcano  | XOM: scenery: 3 doors open
 14646 | Lair:6   | XOM: scenery: create altars
 14691 | Lair:5   | Reached skill level 1 in Shields
 14906 | D:10     | Entered Level 10 of the Dungeon
 14996 | D:10     | XOM: divine lightning (protected)
 15180 | D:10     | XOM: colour smoke trail
 15287 | D:10     | XOM: harmless Air miscast
 15608 | D:11     | XOM: stealth player
 15624 | D:11     | XOM: silly message
 15767 | D:11     | XOM: god gift: hand axe {god gift}
 16153 | D:11     | XOM: torment (51/90 hp)
 16348 | D:11     | Reached skill level 12 in Fighting
 16430 | D:11     | XOM: severe Divn miscast
 16611 | D:12     | XOM: give mutations
 16611 | D:12     | Lost mutation: You are weak. (Str -2) [Xom's mischief]
 16611 | D:12     | Lost mutation: Your natural rate of healing is unusually fast. [Xom's mischief]
 16611 | D:12     | Gained mutation: You are weak. (Str -2) [Xom's mischief]
 16809 | D:12     | XOM: enchant monster (bad)
 16830 | D:12     | Got an ancient dagger
 16831 | D:12     | Identified the +9 dagger of Fundamental Breach {holy, Dex+4 Stlth+} (You found it on level 12 of the Dungeon)
 16834 | D:12     | Found a staircase to the Orcish Mines.
 16841 | D:12     | Found a roughly hewn altar of Beogh.
 16872 | D:12     | XOM: give mutations
 16872 | D:12     | Gained mutation: You are very frail (-20% HP). [Xom's mischief]
 16883 | D:12     | XOM: repel stairs
 16996 | D:12     | XOM: swap monsters
 17148 | D:12     | XOM: fog
 17246 | D:12     | Gained mutation: You are mostly covered in sharp spines. [demonic ancestry]
 17246 | D:12     | Reached XP level 13. HP: 87/87 MP: 13/13
 17281 | D:12     | XOM: vitrification
 17314 | D:12     | XOM: scenery: create altars
 17403 | D:12     | XOM: swap monsters
 17414 | D:12     | XOM: summons 8 friendly demons
 17420 | D:12     | XOM: god gift: phantom mirror
 17483 | D:12     | XOM: polymorph ogre -> scorpion
 17550 | Orc:1    | Entered Level 1 of the Orcish Mines
 17567 | Orc:1    | XOM: blink monster(s)
 17590 | Orc:1    | Found a roughly hewn altar of Beogh.
 17595 | Orc:1    | XOM: vitrification
 17614 | Orc:1    | XOM: polymorph soul eater -> sun demon
 17694 | Orc:1    | XOM: give mutations
 17694 | Orc:1    | Lost mutation: You are very frail (-20% HP). [Xom's mischief]
 17694 | Orc:1    | Lost mutation: You are frail (-10% HP). [Xom's mischief]
 17944 | Orc:1    | XOM: noise
 17950 | Orc:1    | XOM: enchant monster (bad)
 17953 | Orc:1    | XOM: summons 2 friendly demons
 17957 | Orc:1    | XOM: enchant monster (bad)
 17974 | Orc:1    | XOM: swap monsters
 17988 | Orc:1    | XOM: enchant monster (good)
 17993 | Orc:1    | Reached skill level 13 in Fighting
 17998 | Orc:1    | XOM: mild Summ miscast
 18538 | D:12     | XOM: summons friendly ufetubus
 19061 | Lair:7   | XOM: potion effect (berserk rage)
 19071 | Lair:7   | XOM: scenery: create altars
 19077 | Lair:7   | XOM: destruction
 19078 | Lair:7   | XOM: noise
 19103 | Lair:7   | XOM: harmless Tloc miscast
 19214 | Lair:7   | XOM: enchant monster (good)
 19227 | Lair:7   | XOM: cast spell 'Summon Horrible Things'
 19263 | Lair:7   | XOM: potion effect (might)
 19324 | Lair:7   | XOM: divination: detect items
 19453 | Lair:7   | XOM: summons friendly crimson imp
 19455 | Lair:7   | XOM: divination: detect items
 19460 | Lair:7   | XOM: potion effect (might)
 19476 | Lair:7   | XOM: divination: detect creatures
 19478 | Lair:8   | XOM: stealth player
 19478 | Lair:8   | Entered Level 8 of the Lair of Beasts
 19478 | Lair:8   | Found a staircase to the Slime Pits.
 19488 | Lair:7   | XOM: summons friendly shadow imp
 19509 | Lair:7   | XOM: noise
 19517 | Lair:8   | XOM: enchant monster (good)
 19518 | Lair:8   | XOM: stat loss: -1 Str (19/20)
 19542 | Lair:8   | XOM: harmless Necr miscast
 19677 | Lair:8   | XOM: summons 7 friendly demons
 19680 | Lair:8   | XOM: polymorph white imp -> iron imp
 19969 | Lair:8   | XOM: cast spell 'Summon Butterflies'
 19980 | Lair:8   | XOM: summons friendly ufetubus
 19986 | Lair:8   | XOM: swap monsters
 19994 | Lair:8   | XOM: scenery: create altars
 19995 | Lair:8   | XOM: swap monsters
 19999 | Lair:8   | XOM: divine lightning (protected)
 20008 | Lair:8   | XOM: potion effect (agility)
 20066 | Lair:8   | XOM: vitrification
 20271 | Lair:8   | XOM: destruction
 20291 | Lair:8   | XOM: scenery: create altars
 20301 | Lair:8   | XOM: enchant monster (good)
 20309 | Lair:8   | XOM: summons friendly ufetubus
 20310 | Lair:8   | XOM: enchant monster (good)
 20328 | Lair:8   | XOM: cast spell 'Monstrous Menagerie'
 20386 | Lair:8   | XOM: summons 4 friendly demons
 20509 | Lair:8   | XOM: noise
 20597 | Lair:8   | XOM: harmless Hex miscast
 20599 | Lair:8   | XOM: noise
 20638 | Lair:8   | XOM: cast spell 'Summon Small Mammal'
 20713 | Lair:8   | XOM: divination: detect creatures
 20769 | Lair:8   | XOM: colour smoke trail
 21136 | Orc:1    | Reached skill level 1 in Throwing
 21195 | Orc:1    | You fall through a shaft!
 21195 | Orc:2    | Entered Level 2 of the Orcish Mines
 21268 | Orc:2    | Found a staircase to the Elven Halls.
 21529 | Orc:2    | Noticed an ettin
 21532 | Orc:2    | XOM: summons 11 friendly demons
 21544 | Orc:2    | XOM: enchant monster (bad)
 21553 | Orc:2    | Killed an ettin
 21553 | Orc:2    | Reached XP level 14. HP: 97/118 MP: 14/14
 21579 | Orc:2    | Noticed a stone giant
 21609 | Orc:2    | XOM: fog
 21611 | Orc:2    | Killed a stone giant
 21859 | Orc:2    | XOM: confuse monster(s)
 22127 | Orc:2    | XOM: mild Hex miscast
 22139 | Orc:2    | Noticed HolyRage's ghost (journeyman TrMo)
 22151 | Orc:2    | XOM: destruction
 22162 | Orc:2    | XOM: confuse monster(s)
 23058 | Lair:8   | XOM: fog
 23062 | Lair:8   | XOM: give mutations
 23062 | Lair:8   | Gained mutation: You tend to lose your temper in combat. [Xom's mischief]
 23062 | Lair:8   | Gained mutation: You are robust (+10% HP). [Xom's mischief]
 23062 | Lair:8   | Lost mutation: Your system is resistant to poisons. [Xom's mischief]
 23062 | Lair:8   | Gained mutation: Your body often deteriorates upon taking damage. [Xom's mischief]
 23270 | Lair:7   | XOM: give mutation
 23270 | Lair:7   | Lost mutation: You are weak. (Str -2) [Xom's grace]
 23286 | Lair:8   | XOM: torment (59/129 hp)
 23694 | Lair:8   | XOM: noise
 23717 | Lair:8   | XOM: enchant monster (good)
 23760 | Lair:8   | XOM: summons friendly iron imp
 23825 | Lair:8   | XOM: enchant monster (good)
 23838 | Lair:8   | XOM: fog
 23927 | Lair:8   | XOM: confuse monster(s)
 23940 | Lair:8   | Reached skill level 5 in Throwing
 24048 | Lair:8   | XOM: confuse monster(s)
 24102 | Lair:8   | Got a warped graven amulet
 24114 | Lair:8   | Got a crude bone ring
 24119 | Lair:8   | Got an encrusted long sword
 24121 | Lair:8   | Identified the +1 long sword of the Foot {pain, *Corrode +Blink +Fly MP+9} (You found it on level 8 of the Lair of Beasts)
 24124 | Lair:8   | Identified the ring "Hemem" {rC+ Dex+6} (You found it on level 8 of the Lair of Beasts)
 24126 | Lair:8   | Identified the amulet "Ahen" {Faith rPois Str+3} (You found it on level 8 of the Lair of Beasts)
 24180 | Lair:8   | XOM: god gift: scale mail {god gift}
 24848 | Lair:5   | XOM: cast spell 'Metabolic Englaciation'
 24874 | Lair:3   | XOM: smoke on damage
 24954 | Lair:3   | XOM: polymorph blink frog -> mottled dragon
 25181 | Orc:2    | XOM: cast spell 'Leda's Liquefaction'
 25227 | Orc:2    | XOM: enchant monster (good)
 25264 | Orc:2    | XOM is BORED!
 25264 | Orc:2    | XOM: polymorph ogre -> human
 25387 | Orc:2    | Found Cudamixza's Book Shop.
 25387 | Orc:2    | Found Jirphoz's Gadget Emporium.
 25388 | Orc:2    | Found Ynayvyat's Armour Emporium.
 25388 | Orc:2    | Found Atupe's Weapon Boutique.
 25419 | Orc:2    | XOM: destruction
 25617 | Orc:2    | XOM: scenery: create altars
 26002 | D:13     | Noticed Josephine
 26003 | D:13     | XOM: 1-stop teleportation journey
 26121 | D:13     | Noticed Frances
 26122 | D:13     | Noticed Maurice
 26323 | D:13     | XOM: enchant monster (bad)
 26327 | D:13     | XOM: confuse monster(s)
 26370 | D:13     | XOM: colour smoke trail
 26380 | D:13     | You fall through a shaft for 2 floors!
 26380 | D:15     | Entered Level 15 of the Dungeon
 26385 | D:15     | Found Arhoomm's Book Shop.
 26574 | D:14     | XOM: destruction
 26588 | D:14     | XOM: potion effect (berserk rage)
 26616 | D:14     | Reached skill level 10 in Maces & Flails
 26617 | D:14     | XOM: potion effect (brilliance)
 26619 | D:14     | XOM: cast spell 'Leda's Liquefaction'
 26624 | D:14     | XOM: enchant monster (good)
 26630 | D:14     | XOM: noise
 26641 | D:14     | XOM: mild Trmt miscast
 26776 | D:14     | XOM: confuse monster(s)
 26789 | D:14     | XOM: divination: detect items
 26936 | D:14     | Found a shadowy altar of Dithmenos.
 26945 | D:14     | Gained mutation: You are mostly covered in icy blue scales (AC +3, EV -1). [demonic ancestry]
 26945 | D:14     | Reached XP level 15. HP: 125/135 MP: 15/15
 26971 | D:14     | Lost mutation: You are very dopey. (Int -4) [potion of cure mutation]
 26971 | D:14     | Lost mutation: You are robust (+10% HP). [potion of cure mutation]
 26971 | D:14     | Lost mutation: You are resistant to hostile enchantments. [potion of cure mutation]
 26971 | D:14     | Lost mutation: You tend to lose your temper in combat. [potion of cure mutation]
 27067 | D:14     | XOM: enchant monster (bad)
 27091 | D:14     | XOM: mild Fire miscast
 27117 | D:14     | XOM: god gift: 49 gold pieces
 27149 | D:14     | XOM: divine lightning
 27179 | D:14     | XOM: summons 4 hostile shadow creatures
 27357 | D:14     | XOM: confuse monster(s)
 27368 | D:14     | XOM: polymorph vault guard -> spark wasp
 27376 | D:14     | XOM: polymorph spark wasp -> slime creature
 27401 | D:14     | Found a gate to the Vaults.
 27665 | D:14     | XOM: enchant monster (bad)
 27711 | D:14     | XOM: potion effect (heal wounds)
 27873 | D:13     | XOM: destruction
 27884 | D:13     | Killed Josephine
 27992 | D:13     | XOM: medium Pois miscast
 28080 | D:13     | XOM: confuse monster(s)
 28144 | D:13     | XOM: potion effect (berserk rage)
 28152 | D:13     | Killed Maurice
 28300 | D:12     | XOM: god gift: potion of brilliance
 28454 | D:15     | XOM: mild Erth miscast
 28786 | Lair:4   | XOM: god gift: shield {god gift}
 28820 | Swamp:1  | Entered Level 1 of the Swamp
 28820 | Swamp:1  | Noticed a thorn hunter
 28836 | Swamp:1  | Killed a thorn hunter
 28847 | Lair:4   | XOM: medium Ice miscast
 29014 | Swamp:1  | XOM: harmless Conj miscast
 29080 | Swamp:1  | Lost mutation: You are dopey. (Int -2) [potion of cure mutation]
 29080 | Swamp:1  | Lost mutation: Your body often deteriorates upon taking damage. [potion of cure mutation]
 29080 | Swamp:1  | Lost mutation: You have supernaturally acute eyesight. [potion of cure mutation]
 29080 | Swamp:1  | Lost mutation: Your body sometimes deteriorates upon taking damage. [potion of cure mutation]
 29119 | Swamp:1  | XOM: confuse monster(s)
 29121 | Swamp:1  | XOM: harmless Divn miscast
 29336 | Swamp:1  | Noticed Louise
 29372 | Swamp:1  | XOM: summons friendly white imp
 29396 | Swamp:1  | Killed Louise
 29691 | Swamp:1  | XOM: divination: detect creatures
 29700 | Swamp:1  | XOM: confuse monster(s)
 29713 | Swamp:1  | XOM: cast spell 'Summon Ice Beast'
 29820 | Swamp:2  | XOM: cast spell 'Ring of Flames'
 29866 | Swamp:2  | XOM: divination: magic mapping
 29964 | Swamp:2  | XOM: cast spell 'Call Canine Familiar'
 30237 | Swamp:1  | XOM: mild Trmt miscast
 30321 | Swamp:2  | XOM: harmless Summ miscast
 30423 | Swamp:2  | XOM: divination: detect creatures
 30583 | Swamp:2  | XOM: noise
 30593 | Swamp:2  | XOM: polymorph alligator -> anaconda
 30595 | Swamp:2  | XOM: scenery: create altars
 30596 | Swamp:2  | XOM: noise
 30669 | Swamp:2  | Got a shimmering amber ring
 30671 | Swamp:2  | Identified the ring of Moskyr {Ice MR++ Str-2 Dex+5} (You found it on level 2 of the Swamp)
 30751 | Swamp:2  | XOM: scenery: create altars
 30760 | Swamp:3  | Noticed a thorn hunter
 30772 | Swamp:2  | Killed a thorn hunter
 31248 | Swamp:2  | XOM: divination: detect items
 31492 | Swamp:3  | XOM: divination: detect creatures
 31513 | Swamp:3  | XOM: harmless Necr miscast
 31551 | Swamp:3  | Noticed a thorn hunter
 31558 | Swamp:3  | XOM: potion effect (heal wounds)
 31575 | Swamp:3  | XOM: potion effect (heal wounds)
 31581 | Swamp:3  | Gained mutation: You have claws for feet. [demonic ancestry]
 31581 | Swamp:3  | Reached XP level 16. HP: 73/130 MP: 16/16
 31745 | Swamp:2  | XOM: scenery: create altars
 31940 | Swamp:2  | XOM: god gift: wooden wand {god gift}
 31954 | Swamp:2  | XOM: god gift: scroll of vulnerability
 31972 | Swamp:3  | XOM: swap monsters
 31985 | Swamp:3  | Killed a thorn hunter
 32054 | Swamp:3  | XOM: fog
 32221 | Swamp:3  | XOM: give mutations
 32221 | Swamp:3  | Gained mutation: You are completely covered in icy blue scales (AC +4, EV -1, rC+). [Xom's grace]
 32221 | Swamp:3  | Gained mutation: Your spells are a little harder to cast, but a little more powerful. [Xom's grace]
 32445 | Swamp:3  | XOM: give mutation
 32445 | Swamp:3  | Gained mutation: You possess an exceptional clarity of mind. [Xom's grace]
 32586 | Swamp:3  | XOM: god gift: potion of heal wounds
 32687 | Swamp:3  | XOM: 3-stop teleportation journey
 32747 | Swamp:3  | XOM: 3-stop teleportation journey
 33016 | Swamp:3  | XOM: confuse monster(s)
 33079 | Swamp:2  | XOM: smoke on damage
 33082 | Swamp:2  | XOM: polymorph slime creature -> satyr
 33100 | Swamp:1  | Reached skill level 15 in Maces & Flails
 33129 | Swamp:3  | XOM: enchant monster (good)
 33130 | Swamp:3  | XOM: scenery: create altars
 33210 | Swamp:3  | XOM: cast spell 'Death Channel'
 33376 | Swamp:1  | XOM: summons 1 hostile demon
 33490 | Lair:3   | Killed Gastronok
 33702 | Lair:3   | XOM: scenery: 1 doors close
 33788 | Lair:5   | XOM: scenery: create altars
 33801 | Lair:5   | XOM: vitrification
 33806 | Lair:5   | Killed Maud
 33873 | Lair:5   | XOM: confuse monster(s)
 34057 | Lair:5   | XOM: divination: magic mapping
 34059 | Lair:5   | XOM: potion effect (brilliance)
 34070 | Lair:5   | XOM: confuse monster(s)
 34081 | Lair:5   | XOM: summons 12 friendly demons
 34107 | Lair:5   | Killed nikopol's ghost
 34536 | Lair:5   | XOM: enchant monster (good)
 34582 | Snake:1  | Entered Level 1 of the Snake Pit
 34753 | Snake:1  | XOM: god gift: 13 arrows
 34993 | Snake:1  | XOM: divination: detect items
 35002 | Snake:1  | XOM: summons 3 friendly demons
 35153 | Snake:1  | XOM: 2-stop teleportation journey
 35471 | Snake:1  | XOM: confuse monster(s)
 35474 | Snake:1  | XOM: polymorph anaconda -> great orb of eyes
 35663 | Snake:2  | Found Igull's Magic Scroll Emporium.
 35663 | Snake:2  | Found Rimaran's Jewellery Shop.
 35672 | Snake:2  | XOM: polymorph shock serpent -> shock serpent
 35805 | Snake:2  | Bought the ring of Ephemeral Luck {Wiz rElec rN+} for 771 gold pieces
 36222 | Snake:2  | XOM: 3-stop teleportation journey
 36234 | Snake:2  | XOM: silly message
 36236 | Snake:2  | XOM: enchant monster (bad)
 36373 | Snake:2  | Gained mutation: Your system is resistant to poisons. [potion of beneficial mutation]
 36495 | Snake:2  | XOM: harmless Air miscast
 36753 | Snake:3  | XOM: polymorph black mamba -> redback
 36845 | Snake:3  | XOM: summons 5 friendly demons
 36892 | Snake:3  | XOM: summons friendly white imp
 37115 | Snake:3  | XOM: noise
 37170 | Snake:3  | XOM: polymorph salamander -> orb spider
 37435 | Snake:3  | Reached XP level 17. HP: 125/136 MP: 17/17
 37553 | Snake:2  | XOM: silly message
 37839 | Swamp:3  | XOM: noise
 37872 | Swamp:4  | Entered Level 4 of the Swamp
 37904 | Swamp:4  | Identified Sif Muna's Volume of Vitriolic Translocation
 38022 | Swamp:4  | XOM: divination: detect creatures
 38119 | Swamp:4  | Learned a level 2 spell: Repel Missiles
 38324 | Swamp:4  | XOM: noise
 38461 | Swamp:4  | XOM: enchant monster (bad)
 38556 | Swamp:4  | XOM: potion effect (invisibility)
 38617 | Swamp:4  | XOM: blink monster(s)
 38911 | Swamp:4  | Reached skill level 14 in Fighting
 38957 | Swamp:4  | XOM: blink monster(s)
 39086 | Swamp:4  | XOM: polymorph swamp drake -> sky beast
 39116 | Swamp:4  | XOM: cast spell 'Summon Mana Viper'
 39191 | Swamp:4  | XOM: scenery: create altars
 39289 | Swamp:4  | Got a decaying rune of Zot
 39337 | Swamp:4  | XOM: confuse monster(s)
 39648 | Snake:4  | Entered Level 4 of the Snake Pit
 39675 | Snake:4  | Noticed Vashnia
 39692 | Snake:3  | XOM: 8-stop teleportation journey
 39724 | Snake:3  | XOM: summons 14 friendly demons
 39758 | Snake:4  | XOM: divination: magic mapping
 39833 | Snake:3  | XOM: scenery: create altars
 39951 | Snake:4  | XOM: enchant monster (good)
 40141 | Snake:3  | XOM: god gift: scroll of fog
 40434 | Snake:4  | XOM: enchant monster (good)
 40438 | Snake:3  | XOM: god gift: 25 sling bullets
 40441 | Snake:3  | Reached skill level 15 in Fighting
 40468 | Snake:3  | Killed Vashnia
 40501 | Snake:4  | XOM: 2-stop teleportation journey
 40549 | Snake:4  | Reached skill level 1 in Charms
 40592 | Snake:4  | XOM: divination: detect items
 40642 | Snake:4  | XOM: destruction
 40646 | Snake:4  | XOM: polymorph naga -> worm
 40649 | Snake:4  | XOM: summons 2 friendly demons
 40654 | Snake:4  | XOM: divination: detect creatures
 40667 | Snake:4  | XOM: scenery: 3 fountains blood, 1 doors close
 40677 | Snake:4  | XOM: confuse monster(s)
 40720 | Snake:3  | XOM: divination: magic mapping
 40746 | Snake:4  | XOM: god gift: papyrus book {god gift}
 40750 | Snake:4  | XOM: divine lightning
 40998 | Snake:4  | XOM: smoke on damage
 41006 | Snake:4  | Reached skill level 1 in Air Magic
 41245 | Snake:4  | XOM: 3-stop teleportation journey
 41387 | Snake:4  | XOM: scenery: 2 doors open
 41415 | Snake:4  | Found Howoill's Armour Shoppe.
 41449 | Snake:4  | Bought the +4 leather armour "Huostaa" {rElec rC+ Str+4} for 668 gold pieces
 41481 | Snake:4  | XOM: vitrification
 41529 | Snake:4  | XOM: cast spell 'Summon Mana Viper'
 41642 | Snake:4  | XOM: divination: magic mapping
 41643 | Snake:4  | XOM: divination: detect creatures
 41644 | Snake:4  | XOM: summons 4 hostile shadow creatures
 41656 | Snake:4  | XOM: confuse monster(s)
 42055 | Snake:4  | XOM: cast spell 'Warp Weapon'
 42066 | Snake:4  | XOM: enchant monster (bad)
 42074 | Snake:4  | Reached skill level 5 in Air Magic
 42116 | Snake:4  | XOM: give mutations
 42116 | Snake:4  | Gained mutation: You have a pair of small horns on your head. [Xom's grace]
 42116 | Snake:4  | Gained mutation: You are robust (+10% HP). [Xom's grace]
 42116 | Snake:4  | Gained mutation: You are somewhat resistant to further mutation. [Xom's grace]
 42120 | Snake:4  | XOM: god gift: scroll of noise
 42392 | Snake:4  | XOM: summons friendly quasit
 42411 | Snake:4  | XOM: summons friendly quasit
 42516 | Snake:3  | XOM: confuse monster(s)
 42526 | Snake:3  | Reached skill level 1 in Spellcasting
 42546 | Snake:4  | Gained mutation: Your flesh is heat resistant. [demonic ancestry]
 42546 | Snake:4  | Reached XP level 18. HP: 155/163 MP: 19/19
 42748 | Snake:4  | XOM: enchant monster (good)
 42761 | Snake:4  | XOM: confuse monster(s)
 42810 | Snake:4  | XOM: cast spell 'Ring of Flames'
 42846 | Snake:4  | Reached skill level 5 in Charms
 42853 | Snake:4  | XOM: mild Chrm miscast
 42904 | Snake:4  | XOM: polymorph anaconda -> fire dragon
 42905 | Snake:4  | XOM: polymorph fire dragon -> five-headed hydra
 43085 | Snake:4  | XOM: polymorph naga -> two-headed ogre
 43086 | Snake:4  | XOM: blink monster(s)
 43097 | Snake:4  | XOM: enchant monster (good)
 43166 | Snake:4  | XOM: enchant monster (good)
 43335 | Snake:4  | XOM: confuse monster(s)
 43390 | Snake:4  | XOM: polymorph salamander -> redback
 43399 | Snake:4  | XOM: summons 3 hostile shadow creatures
 43402 | Snake:4  | XOM: noise
 43573 | Snake:4  | XOM: polymorph naga mage -> jumping spider
 43881 | Snake:4  | XOM: confuse monster(s)
 43916 | Snake:4  | XOM: summons 3 friendly demons
 43926 | Snake:4  | XOM: polymorph white imp -> iron imp
 44164 | Snake:4  | Got a serpentine rune of Zot
 44328 | Snake:4  | Reached skill level 15 in Dodging
 44546 | Lair:2   | Learned a level 2 spell: Swiftness
 44646 | D:12     | XOM: summons 6 friendly demons
 44730 | Vaults:1 | XOM: stealth player
 44730 | Vaults:1 | Entered Level 1 of the Vaults
 44777 | Vaults:1 | XOM: scenery: 2 doors open
 44798 | Vaults:1 | XOM: god gift: legendary deck of cards {god gift}
 44924 | Vaults:1 | XOM: summons 8 friendly demons
 44947 | Vaults:1 | XOM: confuse monster(s)
 44950 | Vaults:1 | XOM: enchant monster (bad)
 44951 | Vaults:1 | XOM: harmless Divn miscast
 44967 | Vaults:1 | XOM: enchant monster (good)
 44974 | Vaults:1 | XOM: swap monsters
 44992 | Vaults:1 | XOM: polymorph deep elf mage -> fire crab
 45148 | Vaults:1 | XOM: give mutations
 45148 | Vaults:1 | Gained mutation: Your muscles are strong. (Str +2) [Xom's grace]
 45148 | Vaults:1 | Lost mutation: You are somewhat resistant to further mutation. [Xom's grace]
 45148 | Vaults:1 | Gained mutation: You evolve. [Xom's grace]
 45148 | Vaults:1 | Gained mutation: You have a pair of horns on your head. [Xom's grace]
 45613 | Vaults:1 | XOM: vitrification
 45628 | Vaults:1 | XOM: cast spell 'Hydra Form'
 45638 | Vaults:1 | XOM: fog
 45649 | Vaults:1 | XOM: summons friendly white imp
 45654 | Vaults:1 | XOM: harmless Trmt miscast
 45674 | Vaults:1 | XOM: silly message
 45675 | Vaults:1 | XOM: harmless Summ miscast
 45814 | D:14     | XOM: god gift: 40 gold pieces
 45969 | Vaults:1 | XOM: harmless Pois miscast
 46009 | Vaults:1 | XOM: harmless Summ miscast
 46054 | Vaults:1 | XOM: stat loss: -1 Dex (21/22)
 46275 | Vaults:1 | XOM: smoke on damage
 46329 | Vaults:1 | XOM: medium Conj miscast
 46338 | Vaults:1 | XOM: harmless Tloc miscast
 46403 | Vaults:1 | XOM: potion effect (brilliance)
 46408 | Vaults:1 | XOM: enchant monster (good)
 46423 | Vaults:1 | XOM: divination: detect items
 46430 | Vaults:1 | XOM: harmless Pois miscast
 46448 | Vaults:1 | XOM: harmless Fire miscast
 46459 | Vaults:1 | XOM: potion effect (curing)
 46470 | Vaults:1 | XOM: cast spell 'Summon Butterflies'
 46471 | Vaults:1 | XOM: enchant monster (bad)
 46540 | Vaults:1 | XOM: harmless Conj miscast
 46556 | Vaults:1 | XOM: mild Fire miscast
 46626 | Vaults:1 | Found Taselufa's Magic Scroll Shop.
 46630 | Vaults:1 | Bought a scroll of brand weapon for 300 gold pieces
 46646 | Vaults:1 | XOM: harmless Trmt miscast
 46695 | Vaults:1 | XOM: noise
 46700 | Vaults:1 | Reached XP level 19. HP: 172/172 MP: 23/23
 46940 | Vaults:1 | Reached skill level 16 in Fighting
 47118 | Vaults:2 | XOM: enchant monster (good)
 47123 | Vaults:2 | XOM: enchant monster (good)
 47127 | Vaults:2 | XOM: summons friendly crimson imp
 47129 | Vaults:2 | XOM: harmless Chrm miscast
 47130 | Vaults:2 | XOM: enchant monster (bad)
 47208 | Vaults:2 | Found a staircase to the Crypt.
 47287 | Vaults:2 | XOM: smoke on damage
 47294 | Vaults:2 | Gained mutation: You have very sharp teeth. [evolution]
 47657 | Vaults:2 | Noticed Frederick
 47734 | Vaults:2 | Killed Frederick
 48135 | Vaults:2 | Got a jade-encrusted chain mail
 48146 | Vaults:2 | Identified the +6 chain mail of Elyvilon's Esteem {rCorr Int+2 Dex+5} (You found it on level 2 of the Vaults)
 48245 | Vaults:2 | XOM: confuse monster(s)
 48455 | Vaults:2 | XOM: blink monster(s)
 48459 | Vaults:2 | XOM: swap monsters
 48470 | Vaults:2 | Reached skill level 17 in Fighting
 48477 | Vaults:2 | XOM: cast spell 'Cause Fear'
 48749 | Vaults:3 | XOM: scenery: create altars
 48765 | Vaults:3 | XOM: confuse monster(s)
 48786 | Vaults:3 | XOM: cast spell 'Leda's Liquefaction'
 48788 | Vaults:3 | XOM: 1-stop teleportation journey
 48840 | Vaults:3 | XOM: potion effect (invisibility)
 48915 | Vaults:3 | XOM: divination: magic mapping
 48944 | Vaults:3 | XOM: mild Divn miscast
 48970 | Vaults:3 | XOM: cast spell 'Warp Weapon'
 48971 | Vaults:3 | Reached skill level 18 in Fighting
 48977 | Vaults:3 | XOM: enchant monster (good)
 48983 | Vaults:3 | XOM: mild Ice miscast
 49055 | Vaults:3 | XOM: harmless Ice miscast
 49242 | Vaults:3 | XOM: potion effect (heal wounds)
 49355 | Vaults:3 | XOM: noise
 49542 | Vaults:3 | XOM: summons 5 friendly demons
 49563 | Vaults:3 | XOM: 7-stop teleportation journey
 49690 | Vaults:3 | XOM: summons friendly iron imp
 49711 | Vaults:3 | XOM: summons friendly ufetubus
 49717 | Vaults:3 | XOM: scenery: 1 doors open, 1 doors close
 49793 | Vaults:3 | XOM: blink monster(s)
 49831 | Vaults:3 | XOM: destruction
 49970 | Vaults:4 | Reached skill level 19 in Fighting
 49974 | Vaults:4 | Noticed Margery
 49984 | Vaults:4 | XOM: summons 6 friendly demons
 50019 | Vaults:4 | Killed Margery
 50019 | Vaults:4 | Mutation became permanent: You are completely covered in icy blue scales (AC +4, EV -1, rC+). [demonic ancestry]
 50019 | Vaults:4 | Reached XP level 20. HP: 176/191 MP: 24/24
 50021 | Vaults:4 | Reached skill level 10 in Armour
 50081 | Vaults:4 | XOM: scenery: create altars
 50432 | Vaults:4 | Noticed a Tzitzimitl
 50845 | Vaults:4 | XOM: scenery: 2 doors close
 50859 | Vaults:4 | XOM: destruction
 51278 | Vaults:4 | XOM: scenery: 2 doors close
 51372 | Vaults:4 | XOM: mild Tloc miscast
 51645 | D:12     | XOM: god gift: 28 gold pieces
 51692 | Elf:1    | Entered Level 1 of the Elven Halls
 51703 | Elf:1    | XOM: scenery: create altars
 51707 | Elf:1    | XOM: confuse monster(s)
 51789 | Elf:1    | XOM: summons friendly ufetubus
 51795 | Elf:1    | XOM: potion effect (haste)
 51978 | Elf:1    | Found an ancient bone altar of Kikubaaqudgha.
 51988 | Elf:1    | XOM: harmless Ice miscast
 52022 | Elf:1    | XOM: divination: detect items
 52073 | Elf:1    | XOM: mild Pois miscast
 52262 | Elf:1    | XOM: potion effect (might)
 52376 | Elf:1    | XOM: mild Fire miscast
 52788 | Elf:2    | XOM: noise
 52804 | Elf:2    | XOM: silly message
 52897 | Elf:2    | XOM: colour smoke trail
 53002 | Elf:2    | XOM: polymorph deep elf archer -> anaconda
 53003 | Elf:2    | XOM: chaos upgrade
 53157 | Elf:2    | Found a large runed door.
 53157 | Elf:2    | Found a large runed door.
 53184 | Elf:2    | Found a large runed door.
 53184 | Elf:2    | Found a large runed door.
 53279 | Elf:2    | XOM: colour smoke trail
 53439 | Elf:2    | XOM: colour smoke trail
 53480 | Elf:2    | XOM: 8-stop teleportation journey
 53732 | Elf:2    | Noticed Donald
 53759 | Elf:2    | XOM: noise
 53789 | Elf:2    | XOM: severe Pois miscast
 53793 | Elf:2    | Killed Donald
 53793 | Elf:2    | Reached XP level 21. HP: 198/198 MP: 25/25
 53800 | Elf:2    | XOM: cast spell 'Leda's Liquefaction'
 53844 | Elf:2    | XOM: medium Conj miscast
 53871 | Elf:2    | XOM: smoke on damage
 53989 | Elf:3    | Entered Level 3 of the Elven Halls
 53991 | Elf:3    | Noticed Jorgrun
 54017 | Elf:3    | Killed Jorgrun
 54076 | Elf:3    | XOM: blink monster(s)
 54079 | Elf:3    | XOM: divination: detect items
 54082 | Elf:3    | Reached skill level 15 in Armour
 54160 | Elf:3    | XOM: harmless Trmt miscast
 54166 | Elf:3    | XOM: blink monster(s)
 54194 | Elf:3    | XOM: silly message
 54249 | Elf:3    | XOM: noise
 54840 | D:10     | XOM: scenery: create altars
 55277 | Elf:3    | XOM: mild Hex miscast
 55336 | Elf:3    | XOM: cast spell 'Hydra Form'
 55513 | Elf:3    | XOM: noise
 55565 | Elf:3    | XOM: scenery: create altars
 55568 | Elf:3    | XOM: fog
 55573 | Elf:3    | XOM: cast spell 'Summon Horrible Things'
 55812 | Elf:3    | XOM: divination: detect items
 55845 | Elf:3    | XOM: swap monsters
 55852 | Elf:3    | XOM: medium Pois miscast
 55900 | Elf:3    | Gained mutation: Your body sometimes deteriorates upon taking damage. [a neqoxec]
 56045 | Elf:3    | XOM: noise
 56066 | Elf:3    | XOM: summons friendly ufetubus
 56084 | Elf:3    | XOM: destruction
 56156 | Elf:3    | XOM: scenery: create altars
 56240 | Elf:3    | XOM: give mutations
 56240 | Elf:3    | Gained mutation: You are dopey. (Int -2) [Xom's mischief]
 56240 | Elf:3    | Lost mutation: Your muscles are strong. (Str +2) [Xom's mischief]
 56240 | Elf:3    | Lost mutation: You have a pair of horns on your head. [Xom's mischief]
 56240 | Elf:3    | Lost mutation: You have very sharp teeth. [Xom's mischief]
 56240 | Elf:3    | Gained mutation: You have a beak for a mouth. [Xom's mischief]
 56460 | Elf:3    | Learned a level 2 spell: Blink
 56495 | Elf:3    | XOM: medium Tloc miscast
 56755 | D:15     | Found a staircase to the Depths.
 56781 | D:15     | Killed Frances
 56789 | D:15     | XOM: summons 10 hostile demons
 56799 | D:15     | XOM: blink monster(s)
 56880 | D:15     | XOM: divination: detect creatures
 56885 | D:15     | XOM: summons 2 friendly demons
 56941 | D:15     | XOM: noise
 56995 | D:15     | Found Difrehaf's Distillery.
 57157 | D:15     | XOM: scenery: create altars
 57178 | D:15     | Found Tamuzufi's Book Boutique.
 57186 | D:15     | Bought a book of Necromancy for 330 gold pieces
 57190 | D:15     | Learned a level 3 spell: Regeneration
 57339 | D:15     | Found Vovacs's Gadget Shoppe.
 57458 | Depths:1 | Entered Level 1 of the Depths
 57490 | Depths:1 | XOM: summons friendly quasit
 57500 | D:15     | Reached skill level 1 in Necromancy
 57556 | Depths:1 | XOM: cast spell 'Cause Fear'
 57699 | Depths:1 | XOM: summons 3 friendly demons
 57705 | Depths:1 | XOM: divination: magic mapping
 57773 | Depths:1 | XOM: enchant monster (bad)
 57796 | Depths:1 | Noticed a caustic shrike
 57796 | Depths:1 | a tengu reaver changed into a caustic shrike
 57796 | Depths:1 | XOM: polymorph tengu reaver -> caustic shrike
 57806 | Depths:1 | Killed a caustic shrike
 57873 | Depths:1 | XOM: mild Hex miscast
 57911 | Depths:1 | XOM: medium Conj miscast
 57916 | Depths:1 | XOM: enchant monster (bad)
 58047 | D:15     | XOM: mild Ice miscast
 58066 | D:15     | XOM: give mutation
 58066 | D:15     | Lost mutation: Your body sometimes deteriorates upon taking damage. [Xom's mischief]
 58351 | Depths:1 | Reached skill level 5 in Spellcasting
 58437 | Depths:1 | XOM: silly message
 58482 | Depths:1 | Found a gateway to Hell.
 58557 | Depths:1 | Reached skill level 5 in Necromancy
 58621 | Depths:1 | XOM: harmless Ice miscast
 58830 | Depths:1 | XOM: scenery: create altars
 58901 | Depths:1 | Reached XP level 22. HP: 204/205 MP: 30/30
 58902 | Depths:1 | Found Buohoaza's One-of-a-Kind Books.
 58938 | Depths:1 | XOM: smoke on damage
 58998 | Depths:1 | Found a corrupted altar of Lugonu.
 58998 | Depths:1 | Found a one-way gate to the infinite horrors of the Abyss.
 59098 | Depths:1 | Found a glowing golden altar of the Shining One.
 59187 | Depths:2 | XOM: potion effect (might)
 59385 | Depths:2 | XOM: cast spell 'Spider Form'
 59387 | Depths:1 | Paralysed by a great orb of eyes for 7 turns
 59390 | Depths:1 | Slain by a fire giant

Skill      XL: |  1  2  3  4  5  6  7  8  9 10 11 12 13 14 15 16 17 18 19 20 21 |
---------------+----------------------------------------------------------------+-----
Maces & Flails | 3 7 8 10 14 17 | 17.6
Fighting       | 6 8 9 11 12 13 15 19 | 19.0
Dodging        | 6 8 9 10 13 16 | 16.0
Armour         | 5 7 9 14 17 | 17.1
Short Blades   | 6 |  6.1
Shields        | 4 |  4.1
Throwing       | 2 6 |  6.1
Charms         | 4 5 |  5.3
Air Magic      | 5 |  5.2
Spellcasting   | 1 3 5 |  5.6
Necromancy     | 5 |  5.7

Action                   |  1- 3 |  4- 6 |  7- 9 | 10-12 | 13-15 | 16-18 | 19-21 | 22-24 || total
-------------------------+-------+-------+-------+-------+-------+-------+-------+-------++-------
Melee: Mace              |   116 |    85 |     4 |       |       |       |       |       ||   205
       Kick              |    17 |    18 |    57 |   756 |  1179 |   993 |   974 |    14 ||  4008
       Unarmed           |     4 |       |       |    11 |       |     3 |     3 |     1 ||    22
       Quarterstaff      |       |    21 |   258 |   148 |       |       |       |       ||   427
       Quick blade       |       |       |       |  1320 |  1320 |       |       |       ||  2640
       Morningstar       |       |       |       |       |   878 |   450 |   382 |    23 ||  1733
       Eveningstar       |       |       |       |       |       |  1573 |  1458 |       ||  3031
       Headbutt          |       |       |       |       |       |   273 |   640 |     7 ||   920
       Bite              |       |       |       |       |       |       |   288 |       ||   288
       Peck              |       |       |       |       |       |       |   101 |     7 ||   108
 Fire: Blowgun           |       |       |     5 |     4 |       |       |       |       ||     9
Throw: Javelin           |       |       |       |       |    27 |       |       |       ||    27
       Tomahawk          |       |       |       |       |    10 |       |       |       ||    10
       Throwing net      |       |       |       |       |     1 |       |       |       ||     1
 Cast: Repel Missiles    |       |       |       |       |       |     2 |    12 |       ||    14
       Swiftness         |       |       |       |       |       |     2 |     2 |       ||     4
Evoke: Wand              |       |       |       |     8 |    12 |     3 |       |       ||    23
  Use: Potion            |     1 |       |       |     3 |     9 |     4 |     2 |       ||    19
       Scroll            |       |    12 |     6 |    17 |    16 |    16 |     9 |       ||    76
 Stab: Invisible         |     2 |       |       |     5 |       |     8 |     8 |       ||    23
       Paralysed         |       |     1 |       |     1 |       |     1 |       |       ||     3
       Confused          |       |       |     1 |     9 |     9 |    10 |     8 |       ||    37
       Sleeping          |       |       |       |     6 |     2 |     5 |       |       ||    13
       Petrifying        |       |       |       |     2 |     1 |       |       |       ||     3
       Distracted        |       |       |       |       |     8 |     6 |     4 |       ||    18
       Petrified         |       |       |       |       |       |       |     1 |       ||     1
  Eat: Chunk             |     1 |     5 |    12 |    30 |    43 |    38 |    33 |     2 ||   164
       Bread ration      |       |       |     1 |       |     1 |       |     1 |       ||     3
       Fruit             |       |       |       |     5 |       |     3 |       |       ||     8
       Pizza             |       |       |       |       |     1 |     2 |       |       ||     3
       Meat ration       |       |       |       |       |     1 |     1 |     1 |       ||     3
       Beef jerky        |       |       |       |       |       |     3 |       |       ||     3
Armor: Leather armour    |    47 |    25 |   101 |    82 |       |    99 |     8 |       ||   362
       Skin              |     2 |       |       |       |       |     1 |     1 |     3 ||     7
       Chain mail        |       |       |       |    96 |       |       |   518 |     7 ||   621
       Ring mail         |       |       |       |    35 |   268 |   251 |       |       ||   554
Dodge: Dodged            |    99 |    44 |   168 |   627 |  1132 |  1186 |   914 |    19 ||  4189
       Deflected         |       |       |       |       |       |     8 |    55 |       ||    63
Block: Buckler           |       |       |       |   199 |   773 |   768 |   717 |    18 ||  2475
       Reflection        |       |       |       |     2 |    45 |    78 |    76 |       ||   201
       Other             |       |       |       |       |       |       |     2 |     1 ||     3
